 Dungeon Crawl Stone Soup version 0.29-a0-398-ge13fd1374b (webtiles) character file.

Game seed: 2743715583441965611

147220 ders the Eclecticist (level 18, -1/155 HPs)
             Began as a Djinni Conjurer on May 11, 2022.
             Was a High Priest of Ashenzari.
             Slain by a boulder beetle (13 damage)
             ... on level 3 of the Spider Nest on May 12, 2022.
             The game lasted 01:14:41 (30345 turns).

ders the Eclecticist (Djinni Conjurer)             Turns: 30345, Time: 01:14:41

Health: -1/155     AC: 10    Str: 10    XL:     18   Next: 8%
Gold:   2307       EV: 12    Int: 37    God:    Ashenzari [*****.] SH:  7 Dex: 15

rFire   + + +      SeeInvis +   y - staff of cold (curse) {Cun, Self}
rCold   + + +      Faith    .   g - +0 kite shield
rNeg    . . .      Spirit   .   r - +0 leather armour "Overhang to Understand" {rF+ rC+ Str+2, Range, Self} (curse)
rPois   ∞          Reflect  .   q - +0 hat of the All-seeing Portent {Cun, Self} (curse)
rElec   .          Harm     .   p - +1 cloak "Overhang to Understand" {rPois, Self, Range} (curse)
rCorr   +          Rampage  .   W - +2 pair of gloves "Thunder Perfect Mind" {Contam rC++ Str+2 Int+6, Fort, Evo} (curse)
Will    +....      Clarity  +   (boots unavailable)
Stlth   +++++.....              j - amulet of the All-seeing Sun {Regen+, Range, Self} (curse)
HPRegen 1.15/turn               u - ring of the Ensconced Burden {rCorr, Self, Cun} (curse)
MPRegen 0.00/turn               Q - ring of the Profound Free Will {Int+6, Self, Evo} (curse)

@: about to teleport, flying
A: sickness immunity, fire resistance 2, cold vulnerability 1, float, innate
caster, HP casting, extra vitality 1
a: Renounce Religion, Curse Item, Shatter the Chains


You were on level 3 of the Spider Nest.
You worshipped Ashenzari.
Ashenzari was extremely pleased with you.
You visited 7 branches of the dungeon, and saw 29 of its levels.
You also visited: Sewer, Ossuary and Gauntlet.

You collected 2697 gold pieces.
You spent 390 gold pieces at shops.

Inventory:

Armour
 b - a +0 robe of positive energy
 g - a +0 kite shield (worn)
 p - the cursed +1 cloak "Overhang to Understand" (worn) {rPois, Self, Range}
   (You took it off Crazy Yiuf on level 2 of the Dungeon)

   It has a curse which improves the following skills: Introspection: Fighting
   and Spellcasting.
   Ranged Combat: Slings, Bows, Crossbows and Throwing.
 q - the cursed +0 hat of the All-seeing Portent (worn) {Cun, Self}
   (You found it on level 3 of the Dungeon)

   It has a curse which improves the following skills: Cunning: Dodging and
   Stealth.
   Introspection: Fighting and Spellcasting.
 r - the cursed +0 leather armour "Overhang to Understand" (worn) {rF+ rC+ Str+2, Range, Self}
   (You found it on level 3 of the Dungeon)

   Str:       It affects your strength (+2).
   rF:        It protects you from fire.
   rC:        It protects you from cold.
   It has a curse which improves the following skills: Ranged Combat: Slings,
   Bows, Crossbows and Throwing.
   Introspection: Fighting and Spellcasting.
 O - a +1 cloak of willpower
 V - the +4 chain mail "Ysmiocac" {+Blink rPois Regen+ Dex+5}
   (You took it off a minotaur in a Gauntlet)

   Dex:       It affects your dexterity (+5).
   rPois:     It protects you from poison.
   +Blink:    It lets you blink.
   Regen:     It increases your rate of health regeneration.
 W - the cursed +2 pair of gloves "Thunder Perfect Mind" (worn) {Contam rC++ Str+2 Int+6, Fort, Evo}
   (You found it in a Gauntlet)

   Str:       It affects your strength (+2).
   Int:       It affects your intelligence (+6).
   rC:        It greatly protects you from cold.
   Contam:    It causes magical contamination when unequipped.
   It has a curse which improves the following skills: Fortitude: Armour and
   Shields.
   Evocations: Evocations.
Magical Staves
 y - a cursed staff of cold (weapon) {Cun, Self}
 z - a staff of fire
Jewellery
 j - the cursed amulet of the All-seeing Sun (around neck) {Regen+, Range, Self}
   (You bought it in a shop on level 6 of the Dungeon)

   [amulet of regeneration]

   Regen:     It increases your rate of health regeneration.
   It has a curse which improves the following skills: Ranged Combat: Slings,
   Bows, Crossbows and Throwing.
   Introspection: Fighting and Spellcasting.
 u - the cursed ring of the Ensconced Burden (left hand) {rCorr, Self, Cun}
   (You found it on level 4 of the Dungeon)

   [ring of resist corrosion]

   rCorr:     It protects you from acid and corrosion.
   It has a curse which improves the following skills: Introspection: Fighting
   and Spellcasting.
   Cunning:   Dodging and Stealth.
 A - an amulet of the acrobat
 E - a ring of ice
 I - a ring of willpower
 Q - the cursed ring of the Profound Free Will (right hand) {Int+6, Self, Evo}
   (You found it on level 2 of the Lair of Beasts)

   [ring of intelligence]

   Int:       It affects your intelligence (+6).
   It has a curse which improves the following skills: Introspection: Fighting
   and Spellcasting.
   Evocations: Evocations.
Wands
 c - a wand of polymorph (16)
 l - a wand of flame (49)
 K - a wand of mindburst (16)
 N - a wand of charming (5)
 P - a wand of paralysis (7)
 R - a wand of iceblast (11)
 X - a wand of acid (9)
Scrolls
 f - 3 scrolls of magic mapping
 h - 4 scrolls of fog
 m - 3 scrolls of immolation
 n - 8 scrolls of amnesia
 s - 15 scrolls of teleportation
 v - 4 scrolls of blinking
 w - 2 scrolls of enchant weapon
 x - 10 scrolls of fear
 B - 3 scrolls of enchant armour
 D - 4 scrolls of poison
 G - 3 scrolls of silence
 H - a scroll of torment
 L - 3 scrolls of vulnerability
 M - 3 scrolls of brand weapon
 U - 3 scrolls of summoning
Potions
 a - 10 potions of heal wounds
 d - a potion of berserk rage
 e - 3 potions of attraction
 i - 11 potions of curing
 k - 4 potions of lignification
 o - a potion of invisibility
 t - 3 potions of resistance
 C - 7 potions of haste
 F - 2 potions of ambrosia
 J - 9 potions of brilliance
 S - a potion of might
 Z - a potion of cancellation
Miscellaneous
 Y - a condenser vane


   Skills:
 + Level 13.8(21.8) Fighting
 + Level 10.4(12.7) Armour
 - Level 2.1(5.4) Dodging
 + Level 9.7(14.2) Stealth
 * Level 19.9(27) Spellcasting


You had 26 spell levels left.
You knew the following spells:

 Your Spells              Type           Power      Damage    Failure   Level
a - Magic Dart            Conj           100%       1d8       0%          1
b - Iskenderun's Battles  Conj           100%       2d15      0%          5
c - Dazzling Flash        Conj/Hex       100%       N/A       0%          3
d - Fulminant Prism       Conj/Hex       64%        3d27      0%          4
e - Iskenderun's Mystic   Conj/Tloc      100%       2d19      0%          4
f - Freeze                Ice            100%       1d11      0%          1
g - Static Discharge      Conj/Air       100%       N/A       0%          2
h - Summon Guardian Gole  Hex/Summ       100%       N/A       0%          3
i - Petrify               Tmut/Erth      100%       N/A       0%          4
j - Sticky Flame          Conj/Fire      100%       2d11      0%          4
k - Searing Ray           Conj           100%       2d8       0%          2
l - Simulacrum            Ice/Necr       77%        N/A       0%          6
m - Conjure Ball Lightni  Conj/Air       64%        3x3d23    0%          6
Your spell library was empty.

Dungeon Overview and Level Annotations

Branches:
Dungeon (15/15)            Temple (1/1) D:7            Lair (6/6) D:9
 Shoals (1/4) Lair:2       Spider (3/4) Lair:4        Slime (0/5) Lair:5
    Orc (2/2) D:9             Elf (1/3) Orc:2        Vaults (0/5) D:13
 Depths (0/4) D:15          Sewer (visited)         Ossuary (visited)
Gauntlet (visited)

Altars:
Ashenzari
Dithmenos
Fedhas
Gozag
Hepliaklqana
Makhleb
Okawaru
Qazlal
Ru
Sif Muna
Wu Jian
Xom
Yredelemnul
Zin
Beogh
Jiyva

Shops:
D:3 (   D:6 =   Orc:2 [*(:

Portals:
Trove: D:11 (give ring of the Tortoise)

Annotations:
Spider:1 2 transporters, Darius099's ghost, journeyman TrBe


Innate Abilities, Weirdness & Mutations

You are immune to sickness and miasma.
You are immune to poison.
Your flesh is very heat resistant. (rF++)
You are vulnerable to cold. (rC-)
You float through the air rather than walking.
You learn spells naturally, not from books.
Your magical power is your life essence.
You have superior vitality. (+4 MHP)


Message History

The culicivora collides with the emperor scorpion!
The emperor scorpion is heavily wounded.
You kill the culicivora!
You feel yourself speed up.
You hear an angry hiss.
A tarantella comes into view.
The emperor scorpion closely misses you.
The emperor scorpion claws you but does no damage. x2
Casting: Iskenderun's Mystic Blast (safe; 0% risk of failure)
Confirm with . or Enter, or press ? or * to list all spells.
You erupt in a blast of force!
The mystic blast hits the boulder beetle.
The boulder beetle is almost dead.
The boulder beetle is knocked back by the mystic blast.
The boulder beetle collides with the redback!
The redback is lightly wounded.
The boulder beetle is almost dead.
The mystic blast hits the emperor scorpion!!
The emperor scorpion is heavily wounded.
The emperor scorpion is knocked back by the mystic blast.
The emperor scorpion collides with the boulder beetle!
The boulder beetle is almost dead.
As you read the scroll of teleportation, it crumbles to dust.
You feel strangely unstable.
A culicivora comes into view.
The boulder beetle hits you!!!
* * * LOW HITPOINT WARNING * * *
The boulder beetle stops rolling and uncurls.
The emperor scorpion barely misses you. The emperor scorpion claws you!
* * * LOW HITPOINT WARNING * * *
The emperor scorpion barely misses you.
You hear an angry hiss.
The emperor scorpion attacks as you move away!
The emperor scorpion stings you!
* * * LOW HITPOINT WARNING * * *
The emperor scorpion claws you but does no damage.
You block the emperor scorpion's attack.
The boulder beetle attacks as you move away!
The boulder beetle bites you!
You die...

, *, , * ##............## *
, , ,#....
,.###....##...^#. , #....
..#.#..≈..###..#. , , #....
..#^^..#≈.#.#.... ,***,
#.... .###..≈≈≈.≈.....# ,,
, #......##....≈≈≈≈≈≈.#.. ,
{ #....####...≈≈...^≈≈... ,
, {#...†s..#..≈≈≈...†≈≈≈^#
, ,*
#s.ssB@.≈≈≈≈≈≈≈.≈≈≈≈≈≈. ,,
**
.......#≈≈≈≈≈≈≈≈≈≈≈..≈≈≈≈ ,
,
,.......#.≈≈≈≈≈.≈≈[.≈.≈..≈
, **
.....(.#...≈...≈....≈≈≈.≈
**
**###^○...≈≈≈≈≈≈≈≈≈...≈...≈
* ,, ,*
##....≈...≈†.≈..≈.≈...≈ * ,
* ^,##...≈≈..≈..≈≈≈≈≈≈≈≈≈≈
,* ,**
,......≈≈≈≈.≈≈.≈.≈...≈. ,
^*#.....#≈..≈≈≈..≈.≈.>.≈.


You could see an emperor scorpion, a boulder beetle, a culicivora, a tarantella
and a redback.

Vanquished Creatures
  Arachne (Spider:2)
  Nikola (Spider:2)
  Jorgrun (Spider:2)
  2 orc warlords (Orc:2)
  A broodmother (Spider:1)
  3 entropy weavers
  A minotaur (Gauntlet)
  2 spark wasps
  Snorg (Orc:1)
  A fire dragon (Lair:6)
  8 vault guards (D:13)
  8 boulder beetles
  Erica (D:9)
  2 jorogumos
  A catoblepas (Lair:6)
  A two-headed ogre (D:11)
  A radroach (Spider:3)
  6 centaur warriors
  5 hydras
  2 tengu warriors (D:14)
  16 death yaks
  6 orc high priests
  Sonja (D:11)
  3 skeletal warriors (D:11)
  3 pharaoh ants
  3 steelbarb worms
  2 orange crystal statues
  2 orb spiders (Spider:3)
  4 orc knights (Orc:2)
  A swamp dragon (Lair:6)
  4 spectral wolf spiders (Spider:2)
  A wizard (D:15)
  7 wolf spider zombies (Spider:2)
  3 deep elf pyromancers
  3 cyclopes
  A necromancer (D:15)
  6 ugly things (D:14)
  14 wolf spiders
  7 orc sorcerers
  An oklob plant (Lair:2)
  2 manticores (D:13)
  3 moths of wrath
  3 elephants (Lair:3)
  Joseph (D:7)
  A merfolk siren (Lair:2)
  Maurice (D:8)
  2 gargoyles
  6 torpor snails
  7 black mambas
  2 naga magi (D:15)
  A smoke demon (Gauntlet)
  An ice statue (D:13)
  A centaur skeleton (D:15)
  20 cane toads
  3 rime drakes
  An unseen horror (D:12)
  6 demonic crawlers
  2 efreet
  A tengu conjurer (D:14)
  9 komodo dragons
  3 yaktaurs (D:15)
  5 trolls
  A merfolk (Lair:2)
  4 wolf spider simulacra (Spider:2)
  2 polar bears
  28 blink frogs
  Grinder (D:3)
  8 tarantellas
  3 hornets
  3 slime creatures (D:12)
  A raiju (shapeshifter) (D:14)
  A tarantella (shapeshifter) (D:13)
  A centaur simulacrum (D:15)
  9 culicivoras
  28 jumping spiders
  2 wraiths
  16 wyverns
  32 yaks
  Grum (D:8)
  43 redbacks
  8 basilisks
  2 chaos spawn (Gauntlet)
  A neqoxec (Gauntlet)
  8 vampire mosquitoes
  Edmund (D:5)
  A steam dragon (Lair:6)
  4 wargs (Orc:2)
  5 acid dragons
  26 water moccasins
  29 orc warriors
  2 ice beasts (D:6)
  6 black bears
  7 ogres
  27 wolves
  5 centaurs
  3 kobold brigands
  3 elf zombies (Ossuary)
  12 bullfrogs
  2 necrophages (D:6)
  4 scorpions
  4 wights (D:8)
  8 killer bees (D:10)
  2 howler monkeys
  8 electric eels
  2 crimson imps (Gauntlet)
  A centaur zombie (Ossuary)
  3 jellies
  25 orc priests
  2 gnoll shamans
  4 hounds
  4 human zombies (Ossuary)
  Crazy Yiuf (D:2)
  7 hell rats (Lair:4)
  14 iguanas
  43 orc wizards
  2 mummies (Ossuary)
  8 gnolls
  9 adders
  2 white imps (D:7)
  An adder zombie (Ossuary)
  5 dart slugs
  107 orcs
  10 bats
  17 endoplasms
  12 giant cockroaches
  9 goblins
  5 hobgoblins
  7 jackals
  22 quokkas
  10 ball pythons
  17 frilled lizards
  A goblin zombie (Ossuary)
  7 hobgoblin zombies (Ossuary)
  A jackal zombie (Ossuary)
  20 kobolds
  12 kobold zombies (Ossuary)
  6 orc zombies (Ossuary)
  7 rats
  A rat zombie (Ossuary)
  4 fulminant prisms
988 creatures vanquished.

Vanquished Creatures (collateral kills)
  2 death yaks (Lair:6)
  A pharaoh ant (Spider:1)
  A guardian serpent (Lair:6)
  A cane toad (Lair:6)
  A centaur skeleton (D:15)
  A jumping spider (Spider:3)
  A culicivora (Spider:1)
  A water moccasin (Lair:6)
9 creatures vanquished.

Vanquished Creatures (others)
  428 fulminant prisms
  62 fungi
  102 plants
  A withered plant (Gauntlet)
593 creatures vanquished.

Grand Total: 1590 creatures vanquished

Notes
Turn   | Place    | Note
-------+----------+-------------------------------------------
     0 | D:1      | ders the Djinni Conjurer began the quest for the Orb.
     0 | D:1      | Reached XP level 1. HP: 15/15 MP: 0/0
   203 | D:1      | Reached XP level 2. HP: 19/21 MP: 0/0
   315 | D:1      | Found a faded altar of an unknown god.
   531 | D:1      | Reached XP level 3. HP: 17/25 MP: 0/0
   531 | D:1      | Learned a level 1 spell: Freeze
   966 | D:1      | Reached skill level 4 in Spellcasting
  1380 | D:2      | Reached XP level 4. HP: 21/31 MP: 0/0
  2071 | D:2      | Found a runed translucent door.
  2072 | D:2      | Noticed Crazy Yiuf
  2753 | D:2      | Killed Crazy Yiuf
  2754 | D:2      | Reached XP level 5. HP: 4/35 MP: 0/0
  2754 | D:2      | Learned a level 2 spell: Static Discharge
  3142 | D:3      | Noticed Grinder
  3151 | D:3      | Killed Grinder
  3152 | D:3      | Reached skill level 5 in Spellcasting
  3152 | D:3      | Reached XP level 6. HP: 23/40 MP: 0/0
  3379 | D:3      | Identified the +0 leather armour "Ezxojoing" {rF+ rC+
                  | Str+2}
  3567 | D:3      | Found Xoeq Sin's Weapon Emporium.
  3610 | D:3      | Reached skill level 6 in Spellcasting
  4462 | D:4      | Reached XP level 7. HP: 35/45 MP: 0/0
  4462 | D:4      | Learned a level 3 spell: Summon Guardian Golem
  5139 | D:4      | Found a sacrificial altar of Ru.
  5401 | D:5      | Entered Level 5 of the Dungeon
  5439 | D:5      | Reached skill level 7 in Spellcasting
  5620 | D:5      | Found a glowing drain.
  5630 | Sewer    | Entered a sewer
  6321 | Sewer    | Reached XP level 8. HP: 39/50 MP: 0/0
  7094 | D:5      | Reached skill level 8 in Spellcasting
  7319 | D:5      | Noticed Edmund
  7328 | D:5      | Killed Edmund
  7685 | D:5      | HP: 2/50 [centaur/arrow (3)]
  8316 | D:6      | Reached XP level 9. HP: 42/55 MP: 0/0
  8316 | D:6      | Learned a level 4 spell: Petrify
  8582 | D:6      | Reached skill level 9 in Spellcasting
  8761 | D:6      | Found a sand-covered staircase.
  8772 | Ossuary  | Entered an ossuary
  9728 | Ossuary  | Identified a scroll of acquirement
  9872 | D:6      | Reached skill level 10 in Spellcasting
  9923 | D:6      | Found Nogaymis's Jewellery Shoppe.
  9932 | D:6      | Acquired 446 gold pieces
  9934 | D:6      | Bought an amulet of regeneration for 390 gold pieces
 10535 | D:6      | Reached XP level 10. HP: 54/60 MP: 0/0
 10676 | D:7      | Noticed Joseph
 10686 | D:7      | Killed Joseph
 10687 | D:7      | Reached skill level 11 in Spellcasting
 11117 | D:7      | Found a staircase to the Ecumenical Temple.
 11214 | Temple   | Entered the Ecumenical Temple
 11218 | Temple   | Became a worshipper of Ashenzari the Shackled
 11744 | D:8      | Found a blossoming altar of Fedhas.
 12125 | D:8      | Noticed Maurice
 12342 | D:8      | Noticed Grum
 12352 | D:8      | Reached skill level 12 in Spellcasting
 12355 | D:8      | Killed Grum
 12398 | D:8      | Noticed a cyclops
 12402 | D:8      | Found a broken altar of Ashenzari.
 12414 | D:8      | Killed a cyclops
 12537 | D:8      | Killed Maurice
 12538 | D:8      | Reached XP level 11. HP: 63/65 MP: 0/0
 12538 | D:8      | Learned a level 4 spell: Sticky Flame
 12692 | D:9      | Noticed a centaur warrior
 12842 | D:9      | Noticed Erica
 12858 | D:9      | Killed Erica
 12983 | D:9      | Reached skill level 13 in Spellcasting
 13137 | D:9      | Found a staircase to the Orcish Mines.
 13197 | D:9      | Killed a centaur warrior
 13322 | D:9      | Noticed an orange crystal statue
 13465 | D:9      | Killed an orange crystal statue
 13511 | D:9      | Found a staircase to the Lair.
 13555 | Lair:1   | Entered Level 1 of the Lair of Beasts
 13600 | Lair:1   | Reached skill level 14 in Spellcasting
 13768 | Lair:1   | Reached * piety under Ashenzari
 13894 | Lair:1   | Reached XP level 12. HP: 50/70 MP: 0/0
 14004 | Lair:1   | Reached ** piety under Ashenzari
 14488 | Lair:2   | Noticed a four-headed hydra
 14497 | Lair:2   | Killed a four-headed hydra
 14506 | Lair:2   | Reached skill level 15 in Spellcasting
 14839 | Lair:2   | Noticed an eight-headed hydra
 14845 | Lair:2   | Killed an eight-headed hydra
 15166 | Lair:2   | Found a staircase to the Shoals.
 15397 | Lair:2   | Reached *** piety under Ashenzari
 16105 | Lair:3   | Reached skill level 16 in Spellcasting
 16105 | Lair:3   | Reached XP level 13. HP: 66/76 MP: 0/0
 16105 | Lair:3   | Learned a level 5 spell: Iskenderun's Battlesphere
 16407 | Lair:3   | Noticed a five-headed hydra
 16415 | Lair:3   | Killed a five-headed hydra
 16416 | Lair:3   | Reached skill level 17 in Spellcasting
 16800 | Lair:4   | Reached **** piety under Ashenzari
 17236 | Lair:4   | Reached skill level 1 in Fighting
 17236 | Lair:4   | Reached skill level 1 in Armour
 17263 | Lair:4   | Found a hole to the Spider Nest.
 17532 | Lair:4   | Reached ***** piety under Ashenzari
 17587 | Lair:5   | Found a gate leading to a gauntlet.
 17616 | Gauntlet | Entered a Gauntlet
 17616 | Gauntlet | Found a transporter.
 17796 | Gauntlet | Found a transporter.
 17797 | Gauntlet | Found a transporter.
 17806 | Gauntlet | Found a transporter.
 17808 | Gauntlet | Found a transporter.
 17810 | Gauntlet | Noticed a hell beast
 17816 | Gauntlet | Found a transporter.
 17834 | Gauntlet | Noticed a ghost crab
 17836 | Gauntlet | Found a transporter.
 17845 | Gauntlet | Noticed a reaper
 17846 | Gauntlet | Found a transporter.
 17851 | Gauntlet | Found a transporter.
 17854 | Gauntlet | Found a transporter.
 17884 | Gauntlet | Identified the +2 pair of gloves of Demons {Contam rC++
                  | Str+2 Int+6}
 17887 | Gauntlet | Found a transporter.
 17910 | Gauntlet | Found a transporter.
 17921 | Gauntlet | Found a transporter.
 17921 | Gauntlet | Found a transporter.
 18110 | Gauntlet | Identified the +9 shortbow of Gozag's Scorn {venom, Dex+4}
 18110 | Gauntlet | Identified the +7 shortbow of the Curious Scars {flame,
                  | rF+}
 18110 | Gauntlet | Identified the +4 chain mail "Ysmiocac" {+Blink rPois
                  | Regen+ Dex+5}
 18110 | Gauntlet | Noticed a minotaur
 18124 | Gauntlet | Killed a minotaur
 18245 | Lair:5   | Found a runed translucent door.
 18245 | Lair:5   | Found a viscous altar of Jiyva.
 18249 | Lair:5   | Found a staircase to the Slime Pits.
 18288 | Lair:5   | Reached XP level 14. HP: 90/99 MP: 0/0
 18987 | Lair:6   | Entered Level 6 of the Lair of Beasts
 19101 | Lair:6   | Reached skill level 5 in Fighting
 19366 | Lair:6   | Reached skill level 5 in Armour
 19445 | Lair:6   | Reached skill level 5 in Stealth
 19903 | Lair:6   | Reached skill level 18 in Spellcasting
 19903 | Lair:6   | Reached XP level 15. HP: 112/118 MP: 0/0
 19903 | Lair:6   | Learned a level 6 spell: Simulacrum
 21129 | D:10     | Entered Level 10 of the Dungeon
 21872 | D:11     | Noticed Sonja
 21877 | D:11     | Killed Sonja
 21924 | D:11     | Found a portal to a secret trove of treasure.
 23348 | Orc:1    | Entered Level 1 of the Orcish Mines
 23555 | Orc:2    | Entered Level 2 of the Orcish Mines
 23564 | Orc:2    | Noticed an orc warlord
 23576 | Orc:2    | Killed an orc warlord
 23577 | Orc:2    | Reached skill level 10 in Fighting
 23701 | Orc:2    | Noticed an orc warlord
 23710 | Orc:2    | Killed an orc warlord
 23897 | Orc:2    | Found a runed translucent door.
 23998 | Orc:2    | Reached XP level 16. HP: 126/133 MP: 0/0
 24371 | Orc:2    | Found Hasajos's General Store.
 24389 | Orc:2    | Found Daatrasho's Antique Armour Emporium.
 24389 | Orc:2    | Found Reih's Book Shoppe.
 24391 | Orc:2    | Found Feabunli's Antique Weapon Emporium.
 24472 | Orc:2    | Found a staircase to the Elven Halls.
 24644 | Orc:1    | Noticed Snorg
 24651 | Orc:1    | Killed Snorg
 24937 | Elf:1    | Entered Level 1 of the Elven Halls
 25262 | D:13     | Found a gate to the Vaults.
 25841 | D:14     | Found an ornate altar of the Wu Jian Council.
 25893 | D:14     | Reached skill level 19 in Spellcasting
 26670 | D:15     | Entered Level 15 of the Dungeon
 26850 | D:15     | Found a staircase to the Depths.
 27324 | Shoals:1 | Entered Level 1 of the Shoals
 27408 | Spider:1 | Entered Level 1 of the Spider Nest
 27667 | Spider:1 | Found a transporter.
 27667 | Spider:1 | Identified the ring "Ygomesch" {rF+ rCorr Str+7 Int-2 Dex+3
                  | Slay-2}
 27668 | Spider:1 | Noticed Darius099's ghost (journeyman TrBe)
 27668 | Spider:1 | Identified the ring "Xil Sipn" {Fly rCorr Str+4 SInv}
 27678 | Spider:1 | Found a transporter.
 27693 | Spider:1 | Noticed an emperor scorpion
 27719 | Spider:1 | Reached XP level 17. HP: 130/144 MP: 0/0
 27719 | Spider:1 | Learned a level 6 spell: Conjure Ball Lightning
 28180 | Spider:2 | Noticed Nikola
 28189 | Spider:2 | Killed Nikola
 28574 | Spider:2 | Noticed Arachne
 28593 | Spider:2 | Killed Arachne
 28678 | Spider:2 | Noticed Jorgrun
 28693 | Spider:2 | HP: 2/146 [spore (39)]
 28833 | Spider:2 | Killed Jorgrun
 29211 | Spider:2 | Reached skill level 10 in Armour
 29307 | Spider:2 | Upgraded the game from 0.29-a0-397-g846e4a0bbc to
                  | 0.29-a0-398-ge13fd1374b
 30195 | Spider:3 | Identified the -1 pair of boots of the Blind Marksman {rN+
                  | rCorr Int+4 Dex-4}
 30217 | Spider:3 | Reached XP level 18. HP: 137/155 MP: 0/0
 30345 | Spider:3 | Slain by a boulder beetle

Illustrated notes

Levels and vault maps discovered:
D:1:      lightli_arrival_statue_moat, layout_rooms, basic_ecumenical_altar,
          supply_closet_lemuel
D:2:      minmay_razor_zed, layout_basic, minmay_misc_feat_tiny,
          nrook_mini_backslash, uniq_crazy_yiuf_cottage
D:3:      layout_basic, serial_shops, nicolae_shop_bloodbath_and_beyond,
          uniq_grinder
D:4:      layout_basic, nicolae_ru_path_of_blood, hangedman_decor_points
D:5:      layout_loops_ring, gup_sewer_entry_pipe, uniq_edmund
D:6:      kb_forest_paths, layout_basic, serial_shops, shop,
          nicolae_ossuary_entry_ruins
D:7:      layout_cave_pods, minmay_temple_entry_stoned_glass, uniq_joseph
D:8:      layout_basic, hangedman_feature_mirror, uniq_grum, uniq_maurice
D:9:      layout_irregular_city, david_lair_generic, orc_0_dummy,
          dreamdust_mushroom_princess, minmay_statue_bubble, uniq_erica
D:10:     layout_irregular_city
D:11:     layout_loops_ring, enter_trove_0, uniq_sonja
D:12:     layout_stronghold, minmay_lizard_king
D:13:     layout_basic, erik_vaults_2, minivault_16, st_stairs_14
D:14:     layout_grid_maze, nicolae_wu_jian_wuxing_cycle
D:15:     grunt_enter_depths_magical_seal, layout_layer_cave, dk_noncrumbling_3,
          okawaru_metal_pillars_1_2
Temple:   dpeg_three_leaves_temple
Lair:1:   layout_gridlike
Lair:2:   layout_layer_cave, elwin_shoals_entry_rooms, minmay_lair_oklob_items,
          st_stairs_8, serial_bayou_shore_a, grunt_megastairs_5
Lair:3:   layout_roguey, infiniplex_staircase_pool, serial_bayou_shore_b,
          grunt_megastairs_1
Lair:4:   layout_gridlike, spider_nest_entry_rubble, infiniplex_staircase_pool_2
Lair:5:   layout_gridlike, slime_altar_2, gauntlet_entry_generic
Lair:6:   hangedman_lair_tendril_chambers, layout_regular_city,
          guppyfry_lair_end_dragon, eino_small_chamber_without_monster
Shoals:1: layout_shoals
Spider:1: layout_spider_delve, gammafunk_ghost_berserking_beasts
Spider:2: layout_chambers, nicolae_spider_undead_wolf_pack, uniq_arachne,
          uniq_jorgrun, uniq_nikola
Spider:3: nicolae_spider_jumping_over_cracks [nicolae_spider_jumping_sub_moat,
          nicolae_spider_jumping_sub_empty, nicolae_spider_jumping_sub_stairs,
          nicolae_spider_jumping_sub_rim], uniq_asterion
Orc:1:    layout_caves, kennysheep_orc_chapel, uniq_snorg
Orc:2:    st_orc_congregation, layout_diamond_mine, lightli_church_of_beogh
Elf:1:    nicolae_elf_arrival_no_cutting_in_line, layout_geoelf_diagonals,
          serial_shops, shop, kennysheep_underground_church,
          amcnicky_mini_pool_small, grunt_megastairs_3

Skill      XL: |  1  2  3  4  5  6  7  8  9 10 11 12 13 14 15 16 17 |
---------------+----------------------------------------------------+-----
Spellcasting   | 4 5 6 7 8 10 12 14 16 17 18 19 | 19.9
Fighting       | 3 7 10 12 13 | 13.8
Armour         | 2 5 7 9 10 | 10.4
Stealth        | 3 5 7 8 9 |  9.7
Dodging        | |  2.1

Action                   |  1- 3 |  4- 6 |  7- 9 | 10-12 | 13-15 | 16-18 || total
-------------------------+-------+-------+-------+-------+-------+-------++-------
Melee: Staff             |       |       |     2 |     1 |     1 |     2 ||     6
 Cast: Magic Dart        |    67 |   100 |   176 |    97 |   250 |   190 ||   880
       Searing Ray       |       |     4 |    11 |     1 |       |       ||    16
       Static Discharge  |       |     3 |     1 |       |       |       ||     4
       Iskenderun's Myst |       |     1 |    58 |    92 |   139 |   166 ||   456
       Fulminant Prism   |       |       |    36 |   117 |   146 |   133 ||   432
       Summon Guardian G |       |       |     1 |       |       |     2 ||     3
       Petrify           |       |       |       |     2 |       |     1 ||     3
       Iskenderun's Batt |       |       |       |       |    60 |    55 ||   115
       Simulacrum        |       |       |       |       |    13 |     6 ||    19
Invok: Curse Item        |       |       |       |     4 |     5 |       ||     9
       Shatter the Chain |       |       |       |       |     1 |       ||     1
  Use: Scroll            |       |       |    13 |     4 |     1 |     6 ||    24
       Potion            |       |       |     1 |     1 |       |     1 ||     3
Armor: Robe              |     1 |     2 |     6 |       |       |       ||     9
       Leather armour    |       |       |       |     8 |    14 |    43 ||    65
Dodge: Dodged            |    14 |     9 |    35 |    22 |    53 |    63 ||   196
Block: Kite shield       |       |       |       |       |    31 |    43 ||    74

Table legend: (Time is in decaauts)
 A = Elapsed time spent in this place.
 B = Non-inter-level travel time spent in this place.
 C = Inter-level travel time spent in this place.
 D = Time resting spent in this place.
 E = Time spent auto-exploring this place.
 F = Levels seen in this place.
 G = Mean time per level.
                   A        B        C        D        E       F      G
               +--------+--------+--------+--------+--------+-----+--------+
         Total |  30381 |  28557 |   1824 |   4931 |  18362 |  32 |  949.4 |
       Dungeon |  16490 |  15545 |    945 |   2436 |  11021 |  15 | 1099.3 |
        Temple |      7 |      5 |      2 |      0 |      0 |   1 |    7.0 |
          Lair |   6857 |   6296 |    561 |    632 |   4353 |   6 | 1142.8 |
        Shoals |      1 |      0 |      1 |      0 |      0 |   1 |    1.0 |
   Spider Nest |   2789 |   2728 |     61 |    653 |   1328 |   3 |  929.7 |
  Orcish Mines |   1703 |   1451 |    252 |     91 |    811 |   2 |  851.5 |
   Elven Halls |      1 |      1 |      0 |      0 |      0 |   1 |    1.0 |
         Sewer |    989 |    989 |      0 |    280 |    558 |   1 |  989.0 |
       Ossuary |    979 |    979 |      0 |    612 |    154 |   1 |  979.0 |
      Gauntlet |    560 |    560 |      0 |    227 |    137 |   1 |  560.0 |
               +--------+--------+--------+--------+--------+-----+--------+

Top non-repeatable levels by time:
     D:5: 2293 daAuts
     D:2: 1823 daAuts
Spider:2: 1789 daAuts
  Lair:6: 1576 daAuts
  Lair:2: 1520 daAuts
     D:3: 1356 daAuts
     D:8: 1300 daAuts
     D:1: 1245 daAuts
   Orc:2: 1218 daAuts
     D:9: 1182 daAuts
  Lair:4: 1082 daAuts
     D:6: 1040 daAuts
   Sewer: 989 daAuts
 Ossuary: 979 daAuts
    D:12: 975 daAuts
